 Dungeon Crawl Stone Soup version 0.29.0-4-gdea44cf6ec (webtiles) character file.

Game seed: 9499524340188643019

29 qw the Shield-Bearer (level 3, -4/23 HPs)
             Began as a Gargoyle Fighter on Sept 4, 2022.
             Slain by a gnoll
             ... wielding a +0 flail
              (11 damage)
             ... on level 2 of the Dungeon.
             The game lasted 00:00:34 (1244 turns).

qw the Shield-Bearer (Gargoyle Fighter)             Turns: 1244, Time: 00:00:34

Health: -4/23      AC: 10    Str: 21    XL:     3   Next: 16%
Magic:  3/3        EV:  9    Int:  8    God:
Gold:   19         SH:  4    Dex:  9    Spells: 2/2 levels left

rFire   . . .      SeeInvis .   Y - +0 war axe
rCold   . . .      Faith    .   c - +0 buckler
rNeg    + . .      Spirit   .   b - +0 scale mail
rPois   inf        Reflect  .   (no helmet)
rElec   +          Harm     .   (no cloak)
rCorr   .          Rampage  .   (no gloves)
Will    .....                   (no boots)
Stlth   ..........              (no amulet)
HPRegen 0.07/turn               (no ring)
MPRegen 0.08/turn               (no ring)

@: no status effects
A: sickness immunity, AC +3, negative energy resistance 1, electricity
resistance, torment resistance 1, petrification resistance
a: no special abilities


You were on level 2 of the Dungeon.
You visited 1 branch of the dungeon, and saw 2 of its levels.

You collected 19 gold pieces.


Innate Abilities, Weirdness & Mutations

You are immune to sickness and miasma.
Your stone body is resilient. (AC +3)
You are immune to poison.
You resist negative energy. (rN+)
You are resistant to electric shocks. (rElec)
You are resistant to unholy torment.
You are immune to petrification.


   Skills:
 - Level 3.2 Fighting
 + Level 3.2 Axes
 - Level 3.2 Armour
 - Level 3.2 Shields


You had 2 spell levels left.
You didn't know any spells.
Your spell library was empty.

Inventory:

Hand Weapons
 i - a +0 club
 Y - a +0 war axe (weapon)
Armour
 a - a +0 chain mail
 b - a +0 scale mail (worn)
 c - a +0 buckler (worn)
Scrolls
 g - a scroll of identify
Potions
 d - 3 potions of might
 e - a potion of curing
 f - a potion of mutation {unknown}
 h - a potion of brilliance {unknown}

Dungeon Overview and Level Annotations

Branches:
Dungeon (2/15)

Altars:

Shops:
D:1 =(


Message History

The kobold hits you with a +0 short sword.
You closely miss the kobold.
The kobold hits you with a +0 short sword.
You block the kobold's attack.
You closely miss the kobold. The kobold hits you but does no damage.
A gnoll comes into view. It is wielding a +0 halberd.
1223 ||| Stepping ~*~*~tactically~*~*~ (stealth).
You hit the kobold.
You kill the kobold!
You hit the rat but do no damage. The rat bites you but does no damage.
You slash the rat!
You kill the rat!
You start resting.
A gnoll comes into view. It is wielding a +0 flail.
The gnoll shouts!
You hear a shout!
A gnoll comes into view. It is wielding a +0 flail.
The gnoll shouts!
Things that are here:
a +0 short sword; a kobold corpse The gnoll hits you but does no damage. x2
You barely miss the gnoll. You hit the gnoll.
The gnoll hits you but does no damage. The gnoll hits you with a +0 flail.
The gnoll barely misses you.
The gnoll hits you from afar with a +0 halberd.
The gnoll closely misses you.
You barely miss the gnoll.
The gnoll is lightly wounded.
You hit the gnoll. The gnoll closely misses you. The gnoll barely misses you.
The gnoll hits you with a +0 flail.
You barely miss the gnoll.
The gnoll is moderately wounded.
You hit the gnoll. The gnoll barely misses you. You block the gnoll's attack.
The gnoll hits you but does no damage. The gnoll barely misses you.
The gnoll hits you from afar with a +0 halberd!
The gnoll hits you with a +0 flail!
You die...

#.........#
............##.........#
............##.........#
............ #.........#
........... ###########
.......... .......g.
......gg# #@# #)# #.#
#.# #.# #.# #.#
#.############
#.............


You could see 3 gnolls.

Vanquished Creatures
  A ball python (D:1)
  A bat (D:1)
  2 endoplasms (D:1)
  A giant cockroach (D:1)
  5 goblins (D:1)
  3 hobgoblins (D:1)
  A quokka (D:1)
  2 frilled lizards (D:1)
  3 kobolds
  9 rats
28 creatures vanquished.

Notes
Turn   | Place    | Note
-------+----------+-------------------------------------------
     0 | D:1      | qw the Gargoyle Fighter began the quest for the Orb.
     0 | D:1      | Reached XP level 1. HP: 14/14 MP: 1/1
     0 | D:1      | 0 ||| qw: Version: 0.1-a-102-g441f92d
     0 | D:1      | 0 ||| qw: Game counter: 5317
     0 | D:1      | 0 ||| qw: Always use a shield: true
     0 | D:1      | 0 ||| qw: God list: Okawaru
     0 | D:1      | 0 ||| qw: Allow faded altars: false
     0 | D:1      | 0 ||| qw: Do Orc after D:15 true
     0 | D:1      | 0 ||| qw: Do second Lair branch before Depths: true
     0 | D:1      | 0 ||| qw: Lair rune preference: random
     0 | D:1      | 0 ||| qw: Plans: Normal
     0 | D:1      | 0 ||| PLANNING D:1-11
    47 | D:1      | 47 ||| Stepping ~*~*~tactically~*~*~ (stealth).
    94 | D:1      | 94 ||| Stepping ~*~*~tactically~*~*~ (stealth).
   258 | D:1      | Reached XP level 2. HP: 18/19 MP: 2/2
   293 | D:1      | Found Noqut's Jewellery Boutique.
   297 | D:1      | 297 ||| Stepping ~*~*~tactically~*~*~ (stealth).
   300 | D:1      | 300 ||| Stepping ~*~*~tactically~*~*~ (stealth).
   317 | D:1      | 317 ||| SHOPLISTING +4 ring of protection (360 gold, have
                  | 19).
   317 | D:1      | 317 ||| SHOPLISTING amulet of guardian spirit (300 gold,
                  | have 19).
   317 | D:1      | 317 ||| SHOPLISTING ring of Egill {rF+ AC+4 Str+4 Dex+3}
                  | (647 gold, have 19).
   317 | D:1      | 317 ||| SHOPLISTING ring of fire (250 gold, have 19).
   317 | D:1      | 317 ||| SHOPLISTING ring of resist corrosion (200 gold,
                  | have 19).
   355 | D:1      | Found Ducrah's Weapon Emporium.
   412 | D:1      | 412 ||| SHOPLISTING +0 whip (32 gold, have 19).
   412 | D:1      | 412 ||| SHOPLISTING +2 flail of protection (210 gold, have
                  | 19).
   531 | D:1      | Reached skill level 3 in Axes
   846 | D:1      | Reached XP level 3. HP: 23/23 MP: 3/3
   987 | D:1      | 987 ||| READING scroll labelled ACOCLA YPTO.
   988 | D:1      | 988 ||| READING 2 scrolls labelled SEATHR CONOGH.
   989 | D:1      | 989 ||| READING scroll labelled BAPIDGH CIBA.
  1040 | D:1      | 1040 ||| READING scroll labelled DUACWO UCSEO.
  1043 | D:1      | 1043 ||| DRINKING 2 grey potions.
  1223 | D:2      | 1223 ||| Stepping ~*~*~tactically~*~*~ (stealth).
  1244 | D:2      | Slain by a gnoll

Levels and vault maps discovered:
D:1:      nicolae_arrival_memento_mori, layout_loops_ring, serial_shops, shop,
          shop_fountains
D:2:      layout_basic

Skill      XL: |  1  2 |
---------------+-------+-----
Axes           | 2 3 |  3.2
Fighting       | |  3.2
Armour         | |  3.2
Shields        | |  3.2

Action                   || total
-------------------------++-------
Melee: War axe           ||    96
  Use: Scroll            ||     4
       Potion            ||     1
Armor: Scale mail        ||    42
Dodge: Dodged            ||    48
Block: Buckler           ||    18

Table legend:
 A = Non-vault XP
 B = Vault XP
 C = Vault XP percentage of total XP
 D = Non-vault monster count
 E = Vault monster count
 F = Vault count percentage of total count
                 A         B        C        D         E       F
            +---------+---------+-------+---------+---------+-------
      Total |      42 |       0 |   0.0 |      28 |       0 |   0.0
            +---------+---------+-------+---------+---------+-------
        D:1 |      37 |       0 |   0.0 |      24 |       0 |   0.0
        D:2 |       5 |       0 |   0.0 |       4 |       0 |   0.0
            +---------+---------+-------+---------+---------+-------
